 Dungeon Crawl Stone Soup version 0.31-a0-1-g4198be8af4 (webtiles) character file.

Game seed: 13231602785529134258

7488 Jarnaxa the Thaumaturge (level 10, -7/50 HPs)
             Began as a Deep Elf Fire Elementalist on May 2, 2023.
             Was a Believer of Sif Muna.
             Mangled by a skyshark (9 damage)
             ... on level 1 of the Lair of Beasts.
             The game lasted 00:46:26 (11021 turns).

Jarnaxa the Thaumaturge (DEFE)                     Turns: 11021, Time: 00:46:27

Health: -7/50      AC: 13    Str:  5    XL:     10   Next: 94%
Magic:  10/29      EV: 13    Int: 25    God:    Sif Muna [**....]
Gold:   161        SH:  5    Dex: 21    Spells: 15/36 levels left

rFire   . . .        d - staff of poison
rCold   . . .        (no shield)
rNeg    . . .        D - +2 steam dragon scales
rPois   +            (no helmet)
rElec   .            (no cloak)
rCorr   .            p - +0 pair of gloves
SInv    .            z - +0 pair of boots
Will    +....        E - amulet of reflection
Stlth   +++          j - +4 ring of protection
HPRegen 0.28/turn    B - +6 ring of dexterity
MPRegen 0.21/turn

%: reflection
@: no status effects
A: no striking features
a: Renounce Religion, Channel Magic


You were on level 1 of the Lair of Beasts.
You worshipped Sif Muna.
Sif Muna was pleased with you.
You visited 3 branches of the dungeon, and saw 11 of its levels.

You collected 521 gold pieces.
You spent 360 gold pieces at shops.

Inventory:

Armour
 p - a +0 pair of gloves (worn)
 z - a +0 pair of boots (worn)
 D - +2 steam dragon scales (worn)
Magical Staves
 d - a staff of poison (weapon)
Jewellery
 i - an amulet of guardian spirit
 j - a +4 ring of protection (left hand)
 t - a ring of positive energy
 B - a +6 ring of dexterity (right hand)
 E - an amulet of reflection (around neck)
 F - a ring of wizardry
Wands
 s - a wand of light (5)
 H - a wand of roots (2)
 I - a wand of flame (11)
Scrolls
 a - 3 scrolls of identify
 b - 4 scrolls of noise
 f - 3 scrolls of amnesia
 g - 6 scrolls of teleportation
 h - 2 scrolls of magic mapping
 n - 2 scrolls of enchant weapon {unknown}
 q - a scroll of immolation {unknown}
 v - 2 scrolls of fog {unknown}
 w - a scroll of vulnerability {unknown}
 x - 2 scrolls of enchant armour {unknown}
 y - a scroll of poison {unknown}
 A - 2 scrolls of silence {unknown}
Potions
 c - 7 potions of curing
 e - a potion of heal wounds
 l - 2 potions of resistance {unknown}
 m - 2 potions of berserk rage {unknown}
 o - 2 potions of lignification {unknown}
 r - 2 potions of flight {unknown}
 u - a potion of attraction {unknown}
 C - a potion of brilliance {unknown}
 G - 2 potions of invisibility {unknown}


   Skills:
 - Level 0.3 Fighting
 - Level 2.9 Dodging
 - Level 3.0 Stealth
 + Level 0.3 Shields
 + Level 13.7 Spellcasting
 + Level 7.5 Conjurations
 + Level 1.5 Hexes
 + Level 1.8 Translocations
 + Level 12.1 Fire Magic
 + Level 0.4 Invocations
 + Level 1.9 Evocations


You had 15 spell levels left.
You knew the following spells:

 Your Spells              Type           Power      Damage    Failure   Level
a - Foxfire               Conj/Fire      100%       2x1d9     1%          1
b - Scorch                Fire           100%       2d9       1%          2
c - Volatile Blastmotes   Fire/Tloc      100%       2d18      1%          3
d - Flame Wave            Conj/Fire      60%        2d14      1%          4
e - Fireball              Conj/Fire      30%        3d13      1%          5
f - Inner Flame           Hex/Fire       51%        N/A       1%          3
g - Mephitic Cloud        Conj/Pois/Air  44%        N/A       3%          3

Your spell library contained the following spells:

 Spells                   Type           Power      Damage    Failure   Level
 Magic Dart               Conj           100%       1d8       1%          1
 Summon Small Mammal      Summ           68%        N/A       3%          1
 Call Imp                 Summ           34%        N/A       4%          2
 Vhi's Electric Charge    Tloc/Air       42%        N/A       7%          3
 Summon Guardian Golem    Hex/Summ       21%        N/A       8%          3
 Starburst                Conj/Fire      30%        6d9       9%          6
 Call Canine Familiar     Summ           17%        N/A       10%         3
 Arcjolt                  Conj/Air       17%        1d27      21%         5
 Plasma Beam              Fire/Air       23%        2x1d39    38%         6
 Maxwell's Capacitive Co  Air            8%         ∞         100%        8


Dungeon Overview and Level Annotations

Branches:
Dungeon (9/15)             Temple (1/1) D:4            Lair (1/5) D:9
    Orc: D:9-12

Altars:
Ashenzari
Cheibriados
Dithmenos
Elyvilon
Fedhas
Gozag
Hepliaklqana
Kikubaaqudgha
Makhleb
Nemelex Xobeh
Okawaru
Qazlal
Ru
Sif Muna
Trog
Uskayaw
Vehumet
Wu Jian
Xom
Yredelemnul
Zin
The Shining One
Lugonu

Shops:
D:1 =   D:8 =*([[   D:9 *

Annotations:
D:9 2 transporters, CryoSword's ghost, novice GnWn


Message History

Aiming: Fireball (dangerous; 1% risk of failure)
Press: ? - help, Shift-Dir - straight line The fireball explodes!
The fireball engulfs the skyshark!
The skyshark is moderately wounded.
You hear a howl!
Casting: Fireball (dangerous; 1% risk of failure)
Confirm with . or Enter, or press ? or * to list all spells.
Aiming: Fireball (dangerous; 1% risk of failure)
Press: ? - help, Shift-Dir - straight line The fireball explodes!
The fireball engulfs the skyshark!!
The skyshark is heavily wounded.
You hear an angry hiss.
You feel much better. The skyshark bites you! The skyshark closely misses you.
The skyshark misses you.
A wolf comes into view.
Blink to where?
Press: ? - help, Q - select action, (/) - cycle Dir - move target
As you read the scroll of blinking, it crumbles to dust.
Casting: Fireball (dangerous; 1% risk of failure)
Confirm with . or Enter, or press ? or * to list all spells.
Aiming: Fireball (dangerous; 1% risk of failure)
Press: ? - help, Shift-Dir - straight line, f - skyshark
Aim: a skyshark (heavily wounded, berserk)
The fireball explodes!
The fireball engulfs the skyshark!!
The skyshark is severely wounded.
You hear an angry hiss.
Casting: Fireball (dangerous; 1% risk of failure)
Confirm with . or Enter, or press ? or * to list all spells.
Aiming: Fireball (dangerous; 1% risk of failure)
Press: ? - help, Shift-Dir - straight line, p - skyshark The fireball explodes!
The fireball engulfs the skyshark!!
The skyshark is almost dead.
The skyshark barely misses you. You block the skyshark's attack.
The skyshark tail-slaps you! The skyshark bites you!
* * * LOW HITPOINT WARNING * * *
The skyshark misses you. The skyshark tail-slaps you!
* * * LOW HITPOINT WARNING * * *
You block the skyshark's attack. The skyshark tail-slaps you!
You die...

#...........#
###.........# ..
##..........## ...
###......÷...## ....
####....h.÷.!..##
..l.###.....÷........#
......##.........÷.###
..............l...##
.............<@..##
..............####
........†.....#
.............##
........?....#
.##......#####
##.##### #.. ...


You could see a skyshark (berserk) and a wolf.

Vanquished Creatures
  A two-headed ogre (D:8)
  The ghost of Anamonty the Tainter, a novice OpVM (D:8)
  Maggie (D:8)
  A rime drake (Lair:1)
  A hornet (D:8)
  Grinder (D:3)
  A wyvern (D:7)
  Eustachio (D:4)
  2 wraiths (D:9)
  3 wargs (D:9)
  4 water moccasins
  4 black bears
  4 orc warriors
  2 sky beasts
  An ice beast (D:7)
  A wolf (Lair:1)
  2 ogres
  3 centaurs
  2 phantoms (D:4)
  A kobold brigand (D:5)
  7 bullfrogs
  A gnoll sergeant (D:7)
  8 scorpions
  9 wights (D:8)
  2 howler monkeys (D:5)
  3 hounds
  6 orc priests
  Jessica (D:3)
  3 iguanas (D:5)
  6 orc wizards
  2 sleepcaps (D:5)
  5 gnolls
  8 adders
  A shadow imp (D:5)
  2 white imps
  An ufetubus (D:6)
  3 worms
  3 dart slugs
  28 orcs
  6 bats
  5 endoplasms
  4 giant cockroaches
  7 hobgoblins
  3 jackals (D:1)
  7 quokkas
  2 ball pythons
  2 frilled lizards
  7 goblins
  6 kobolds
  4 rats
189 creatures vanquished.

Vanquished Creatures (others)
  An orc (D:7)
  129 foxfires
  2 plants
132 creatures vanquished.

Grand Total: 321 creatures vanquished

Notes
Turn   | Place    | Note
-------+----------+-------------------------------------------
     0 | D:1      | Jarnaxa the Deep Elf Fire Elementalist began the quest for
                  | the Orb.
     0 | D:1      | Reached XP level 1. HP: 10/10 MP: 6/6
   439 | D:1      | Reached XP level 2. HP: 15/15 MP: 4/8
   702 | D:1      | Learned a level 2 spell: Scorch
   994 | D:1      | Found Tyen's Jewellery Shoppe.
  1182 | D:1      | Reached skill level 4 in Spellcasting
  1182 | D:1      | Reached XP level 3. HP: 19/19 MP: 6/10
  1678 | D:2      | Found a hide-covered altar of Uskayaw.
  2418 | D:3      | Noticed Jessica
  2419 | D:3      | Reached XP level 4. HP: 22/24 MP: 7/12
  2424 | D:3      | Killed Jessica
  2425 | D:3      | Reached skill level 5 in Spellcasting
  2527 | D:3      | Found a bloodstained altar of Trog.
  2644 | D:3      | Noticed Grinder
  2656 | D:3      | Killed Grinder
  2657 | D:3      | Reached skill level 6 in Spellcasting
  2657 | D:3      | Reached skill level 5 in Fire Magic
  2657 | D:3      | Reached XP level 5. HP: 18/28 MP: 1/15
  2657 | D:3      | Reached XP level 6. HP: 21/32 MP: 1/17
  2782 | D:3      | Learned a level 3 spell: Volatile Blastmotes
  3394 | D:4      | Found a blossoming altar of Fedhas.
  3442 | D:4      | Reached skill level 7 in Spellcasting
  3582 | D:4      | Reached XP level 7. HP: 29/36 MP: 8/19
  3681 | D:4      | Noticed Eustachio
  3689 | D:4      | Killed Eustachio
  3690 | D:4      | Reached skill level 8 in Spellcasting
  3805 | D:4      | Found a staircase to the Ecumenical Temple.
  3818 | Temple   | Entered the Ecumenical Temple
  4079 | D:4      | Found a stormy altar of Qazlal.
  4361 | D:5      | Entered Level 5 of the Dungeon
  4365 | D:5      | Found a sparkling altar of Nemelex Xobeh.
  4382 | D:5      | Learned a level 4 spell: Flame Wave
  4616 | D:5      | Reached XP level 8. HP: 41/41 MP: 17/22
  4686 | D:5      | Reached skill level 9 in Spellcasting
  5185 | D:5      | Reached skill level 1 in Translocations
  5379 | D:5      | Reached skill level 10 in Spellcasting
  5778 | D:5      | Found a shimmering blue altar of Sif Muna.
  5787 | D:5      | Became a worshipper of Sif Muna the Loreminder
  6573 | D:6      | Found an iron altar of Okawaru.
  6575 | D:6      | Found a shadowy altar of Dithmenos.
  6581 | D:6      | Found a glowing golden altar of the Shining One.
  6583 | D:6      | Found a burning altar of Makhleb.
  6584 | D:6      | Found a radiant altar of Vehumet.
  6586 | D:6      | Found a glowing silver altar of Zin.
  6591 | D:6      | Found a shimmering altar of Xom.
  6642 | D:6      | Reached XP level 9. HP: 41/45 MP: 15/25
  6660 | D:6      | Learned a level 5 spell: Fireball
  7027 | D:6      | Reached skill level 5 in Conjurations
  7393 | D:7      | Learned a level 3 spell: Inner Flame
  7475 | D:7      | Reached * piety under Sif Muna
  7479 | D:7      | Reached skill level 11 in Spellcasting
  7784 | D:7      | Found a sacrificial altar of Ru.
  7798 | D:7      | Reached skill level 10 in Fire Magic
  8624 | D:8      | Found Cyvyi's Armour Emporium.
  8758 | D:8      | Found a runed translucent gate.
  8758 | D:8      | Found a runed translucent gate.
  8758 | D:8      | Found a runed translucent gate.
  8761 | D:8      | Noticed Anamonty's ghost (novice OpVM)
  8762 | D:8      | Found Dimp's Armour Shoppe.
  8787 | D:8      | Noticed Maggie
  8794 | D:8      | Killed Maggie
  8795 | D:8      | Reached skill level 1 in Evocations
  8942 | D:8      | Reached skill level 12 in Spellcasting
  8942 | D:8      | Reached XP level 10. HP: 47/50 MP: 13/28
  9020 | D:8      | Found Siwui's Antique Weapon Emporium.
  9126 | D:8      | Found Juokk's Jewellery Shoppe.
  9134 | D:8      | Bought an amulet of reflection for 360 gold pieces
  9488 | D:8      | Found Jynoxt's Assorted Antiques.
  9625 | D:8      | Noticed a two-headed ogre
  9632 | D:8      | Killed a two-headed ogre
  9632 | D:8      | Reached ** piety under Sif Muna
  9820 | D:8      | Killed Anamonty's ghost
  9821 | D:8      | Reached skill level 13 in Spellcasting
  9821 | D:8      | Reached skill level 1 in Hexes
  9921 | D:8      | Learned a level 3 spell: Mephitic Cloud
  9946 | D:9      | Found a staircase to the Lair.
 10265 | D:9      | Noticed a two-headed ogre
 10267 | D:9      | Noticed a manticore
 10479 | D:9      | Found a transporter.
 10482 | D:9      | Identified the staff of death "Ihutaf" {rF++ rN+ Str+3
                  | Int-2 SInv}
 10483 | D:9      | Found a transporter.
 10493 | D:9      | Noticed CryoSword's ghost (novice GnWn)
 10606 | D:9      | Found Duc Wadi's Serpentskin Sales.
 10783 | Lair:1   | Entered Level 1 of the Lair of Beasts
 10877 | Lair:1   | Noticed a skyshark
 11021 | Lair:1   | HP: 2/50 [skyshark (12)]
 11021 | Lair:1   | Mangled by a skyshark

Illustrated notes

Levels and vault maps discovered:
D:1:      dpeg_arrival_circle_labyrinth_b, layout_loops_ring, serial_shops,
          nicolae_shop_advertising_works [nicolae_subvault_shop_adworks],
          minmay_misc_feat_rows
D:2:      layout_loops_cross, basic_altar, minmay_hexomino_f4
D:3:      layout_basic, amcnicky_altar_gilded, kennysheep_small_spiral,
          uniq_grinder, uniq_jessica
D:4:      layout_rooms, fedhas_altar_1, grunt_qazlal_clouds,
          minmay_temple_entry_ruins, hangedman_abyss_or_decor_slice,
          uniq_eustachio
D:5:      minmay_bubble_buster, layout_cave_pods, mainiacjoe_overflow_brackets,
          kennysheep_orc_sif_temple
D:6:      layout_gridville, nicolae_overflow_hallway_of_the_gods,
          minmay_checkerbox
D:7:      layout_loops_ring, old_standard_altar
D:8:      layout_basic, ebering_ghost_rock_garden, serial_shops, shop, shop,
          shop, shop, shop, uniq_maggie
D:9:      layout_cave_pools, erik_lair_orcish_takeover, nzn_ghost_randoct,
          guppyfry_shop_venom
Temple:   kb_corrupted_temple
Lair:1:   layout_hall_layers, nicolae_volcano_entry_vermiform,
          beast_lair_carwin_6

Skill      XL: |  1  2  3  4  5  6  7  8  9 10 |
---------------+-------------------------------+-----
Spellcasting   | 4 6 7 8 10 12 13 | 13.7
Fire Magic     | 4 5 6 7 8 10 12 | 12.1
Stealth        | 3 |  3.0
Conjurations   | 2 3 4 6 7 |  7.5
Translocations | 1 |  1.8
Evocations     | 1 |  1.9
Hexes          | 1 |  1.5
Fighting       | |  0.3
Dodging        | |  2.9
Shields        | |  0.3
Invocations    | |  0.4

Action                     |  1- 3 |  4- 6 |  7- 9 | 10-12 || total
---------------------------+-------+-------+-------+-------++-------
  Melee: Staff             |    22 |       |       |       ||    22
   Cast: Foxfire           |    34 |    28 |    26 |       ||    88
         Scorch            |    24 |    24 |   103 |    27 ||   178
         Volatile Blastmot |       |       |     8 |     4 ||    12
         Flame Wave        |       |       |    10 |     5 ||    15
         Fireball          |       |       |     9 |    27 ||    36
         Inner Flame       |       |       |     3 |     6 ||     9
 Invoke: Channel Magic     |       |       |       |     1 ||     1
  Evoke: Wand              |       |       |     6 |       ||     6
    Use: Scroll            |       |       |     7 |     2 ||     9
         Potion            |       |       |     2 |     2 ||     4
   Stab: Sleeping          |     1 |       |       |       ||     1
 Armour: Robe              |    10 |     2 |    11 |       ||    23
         Steam dragon scal |       |       |     1 |     4 ||     5
  Dodge: Dodged            |    28 |     5 |    32 |    17 ||    82
  Block: Other             |       |       |       |     7 ||     7

Table legend: (Time is in decaauts)
 A = Elapsed time spent in this place.
 B = Non-inter-level travel time spent in this place.
 C = Inter-level travel time spent in this place.
 D = Time resting spent in this place.
 E = Time spent auto-exploring this place.
 F = Levels seen in this place.
 G = Mean time per level.
                   A        B        C        D        E       F      G
               +--------+--------+--------+--------+--------+-----+--------+
         Total |  11025 |  10312 |    713 |    247 |   8668 |  11 | 1002.3 |
       Dungeon |  10791 |  10096 |    695 |    247 |   8528 |   9 | 1199.0 |
        Temple |    125 |    107 |     18 |      0 |     90 |   1 |  125.0 |
          Lair |    108 |    108 |      0 |      0 |     50 |   1 |  108.0 |
               +--------+--------+--------+--------+--------+-----+--------+

Top non-repeatable levels by time:
     D:5: 1979 daAuts
     D:8: 1642 daAuts
     D:1: 1404 daAuts
     D:7: 1258 daAuts
     D:3: 1092 daAuts
     D:6: 993 daAuts
     D:2: 898 daAuts
     D:4: 841 daAuts
     D:9: 679 daAuts
  Temple: 125 daAuts
  Lair:1: 108 daAuts
